 Dungeon Crawl Stone Soup version 0.26-a0-259-g1effd001a9 (webtiles) character file.

Game seed: 13349840395750877480

166856 Apogee the Brawler (level 17, -8/189 HPs)
             Began as a Troll Abyssal Knight on July 15, 2020.
             Was a High Priest of Lugonu.
             Killed from afar by Nikola (36 damage)
             ... with a chain lightning
             ... on level 4 of the Snake Pit.
             The game lasted 01:02:15 (28329 turns).

Apogee the Brawler (Troll Abyssal Knight)          Turns: 28329, Time: 01:02:17

Health: -8/189     AC: 23    Str: 29    XL:     17   Next: 5%
Magic:  22/22      EV: 13    Int:  8    God:    Lugonu [*****.]
Gold:   1863       SH: 22    Dex:  9    Spells: 16/16 levels left

rFire    . . .     SeeInvis .     - Unarmed
rCold    + . .     Faith    .   M - +2 tower shield {AC+3}
rNeg     . . .     Spirit   .   N - +2 animal skin {rC+}
rPois    +         Reflect  .   U - +1 hat {MR+}
rElec    .         Harm     .   c - +1 cloak
rCorr    .                      (gloves unavailable)
MR       +++..                  (boots unavailable)
Stlth    +.........             f - amulet of the acrobat
HPRegen  0.81/turn              J - ring of Robustness {AC+8}
MPRegen  0.18/turn              E - ring of poison resistance

@: berserk cooldown, slowed, very slow
A: large, unfitting armour, claws 3, hooves 1, fast metabolism 1, magic
resistance 1, regeneration 1, robust 1, shaggy fur 1, tough skin 3, evolution 1
}: 1/15 runes: barnacled
a: Depart the Abyss, Bend Space, Banish, Corrupt, Enter the Abyss, Renounce
Religion


You were on level 4 of the Snake Pit.
You worshipped Lugonu.
Lugonu was extremely pleased with you.
You were not hungry.

You visited 4 branches of the dungeon, and saw 29 of its levels.
You visited the Abyss 1 time.
You also visited: Ice Cave.

You collected 1863 gold pieces.

Inventory:

Missiles
 m - a throwing net (quivered)
Armour
 c - a +1 cloak (worn)
 M - a +2 tower shield of protection (worn)
 N - a +2 animal skin of cold resistance (worn)
 U - a +1 hat of magic resistance (worn)
Jewellery
 f - an amulet of the acrobat (around neck)
 j - an uncursed ring of magical power
 k - an uncursed amulet of regeneration
 n - a +6 ring of dexterity
 o - an uncursed ring of see invisible
 p - a cursed amulet of inaccuracy {unknown}
 w - a +4 ring of evasion
 A - an uncursed ring of protection from cold
 B - a +6 ring of strength
 E - a ring of poison resistance (right claw)
 H - a +6 ring of dexterity
 J - the ring of Robustness (left claw) {AC+8}
   (You found it on level 2 of the Lair of Beasts)

   [ring of protection]

   It affects your AC (+8).
 P - an uncursed ring of positive energy
 Y - an uncursed ring of resist corrosion {unknown}
Wands
 t - a wand of iceblast (19)
 z - a wand of flame (43)
 G - a wand of digging (8)
 K - a wand of acid (3)
 W - a wand of disintegration (7)
 X - a wand of polymorph (6)
Scrolls
 a - 5 scrolls of fear
 d - a scroll of enchant weapon
 e - 18 scrolls of identify
 g - 13 scrolls of remove curse
 i - 2 scrolls of magic mapping
 q - 3 scrolls of amnesia
 u - 3 scrolls of blinking
 x - 7 scrolls of enchant armour
 D - 8 scrolls of teleportation
 L - 3 scrolls of silence
 S - 3 scrolls of fog
 V - a scroll of summoning
Potions
 h - 5 potions of stabbing
 l - 9 potions of haste
 r - 6 potions of might
 s - 4 potions of mutation
 v - 3 potions of flight
 C - 2 potions of ambrosia
 F - 2 potions of brilliance
 I - 3 potions of curing
 O - a potion of cancellation
 Q - a potion of magic
 T - a potion of heal wounds
Miscellaneous
 y - a phantom mirror
Comestibles
 b - 96 rations


   Skills:
 - Level 12.1 Fighting
 - Level 8.0 Armour
 + Level 10.3 Dodging
 + Level 13.5 Shields
 - Level 15.2 Unarmed Combat
 - Level 8.0 Invocations


You had 16 spell levels left.
You didn't know any spells.
Your spell library contained the following spells:

 Spells                   Type           Power        Failure   Level
 Sandblast                Erth           #.....       52%         1
 Shock                    Conj/Air       #...         52%         1
 Sting                    Tmut/Pois      #...         52%         1
 Corpse Rot               Necr/Air       N/A          65%         2
 Passwall                 Tmut/Erth      #.......     65%         2
 Poisonous Vapours        Pois/Air       #.....       65%         2
 Sublimation of Blood     Necr           #.........   65%         2
 Swiftness                Chrm/Air       #.......     65%         2
 Ignite Poison            Fire/Tmut/Pois #.......     87%         3
 Mephitic Cloud           Conj/Pois/Air  #.......     87%         3
 Static Discharge         Conj/Air       #.......     87%         3
 Stone Arrow              Conj/Erth      #.....       87%         3
 Airstrike                Air            #.........   99%         4
 Dispel Undead            Necr           #.......     99%         4
 Ice Form                 Ice/Tmut       #.......     99%         4
 Leda's Liquefaction      Hex/Erth       #.........   99%         4
 Olgreb's Toxic Radiance  Pois           #.......     99%         4
 Petrify                  Tmut/Erth      #.......     99%         4
 Agony                    Necr           #.......     100%        5
 Bolt of Magma            Conj/Fire/Erth #.........   100%        5
 Excruciating Wounds      Chrm/Necr      #.........   100%        5
 Lee's Rapid Deconstruct  Erth           #.........   100%        5
 Lightning Bolt           Conj/Air       #.........   100%        5
 Metabolic Englaciation   Hex/Ice        #.........   100%        5
 Freezing Cloud           Conj/Ice/Air   #.........   100%        6
 Iron Shot                Conj/Erth      #.........   100%        6
 Ozocubu's Refrigeration  Ice            #.........   100%        6
 Simulacrum               Ice/Necr       #.........   100%        6
 Statue Form              Tmut/Erth      #........    100%        6
 Ignition                 Fire           #.........   100%        8
 Shatter                  Erth           #.........   100%        9
 Tornado                  Air            #.........   100%        9


Dungeon Overview and Level Annotations

Branches:
Dungeon (15/15)            Temple (0/1) D:4            Lair (6/6) D:10
 Shoals (4/4) Lair:3        Snake (4/4) Lair:3        Slime (0/5) Lair:6
    Orc (0/2) D:12         Vaults (0/5) D:13         Depths (0/5) D:15
  IceCv (visited)

Altars:
Fedhas
Hepliaklqana
Makhleb
Qazlal
Sif Muna
Trog
Uskayaw
Wu Jian
Xom
The Shining One
Jiyva
Lugonu

Shops:
D:9 [   Snake:4 }}=

Portals:
Trove: D:11 (give 7 scrolls of fog)

Annotations:
D:3 1 runed translucent door, Crazy Yiuf
D:14 exclusion: reaper
Lair:1 exclusion: oklob plant
Shoals:4 corrupted
Snake:1 corrupted
Snake:2 corrupted
Snake:3 corrupted
Snake:4 3 runed translucent doors, Nikola; Zubuinum's ghost, journeyman MiFi
Abyss:1 Snorg


Innate Abilities, Weirdness & Mutations

You are too large for most types of armour.
You have claws for hands.
You have a fast metabolism.
Your natural rate of healing is unusually fast.
You are covered in fur. (AC +1)
You have extremely tough skin. (AC +3)
You have large cloven feet.
You are resistant to hostile enchantments. (MR+)
You are robust. (+10% HP)
You evolve.


Message History

You feel your anger nearly subside.
You are no longer berserk.
You are exhausted.
You feel yourself slow down.
Nikola mumbles some strange words.
Nikola blinks!
Nikola gestures wildly while chanting.
You hear a mighty clap of thunder!
The lightning arc hits you!!
The lightning arc hits Nikola.
The lightning arc hits you!!
The lightning arc hits Nikola.
The lightning arc hits you!
The lightning arc grounds out.
You block Nikola's attack.
You hear a shout! x2; You hear an angry hiss. x3; You hear a shout! x2
You fail to use your ability.
Nikola gestures wildly while chanting.
You hear a mighty clap of thunder!
The lightning arc hits you!!
* * * LOW HITPOINT WARNING * * *
The lightning arc hits Nikola!
The lightning arc hits you!!!
You die...

#.#}..#.#......∩.⌠.∩.♣#.##.##....
#N.#.#..#.....#♣.....♣######.....
#N#N..#.#.....#♣..∩.♣♣#.........#
#NN.["|.#.....#♣...♣♣ #..........
#.......#.....#♣♣♣♣♣###..#####.##
#########.....#######.####...###.
......................)..........
...##...##...§......###..........
....#'###.).....@@).#.##.........
.......((((.........'.((((.......
....................#.##.........
........########...)#.#..........
.......## ##...###..........
......## ##.......########
.....## ##......#...##.. ....##
##....#'....... ....#
#.)..#........


You could see Nikola.

Vanquished Creatures
  Vashnia (Snake:2)
  Rupert (D:14)
  Asterion (Snake:2)
  Gastronok (D:12)
  3 nagarajas (Snake:4)
  Aizul (Snake:3)
  A frost giant (IceCv)
  A dire elephant (D:15)
  2 merfolk impalers (Shoals:4)
  Josephine (D:14)
  5 vault guards
  5 naga warriors
  3 merfolk avatars
  An alligator snapping turtle (Shoals:1)
  2 merfolk aquamancers (Shoals:4)
  11 anacondas
  2 centaur warriors (D:15)
  A tengu warrior (D:13)
  2 two-headed ogres
  3 shock serpents
  14 naga sharpshooters
  Sonja (D:13)
  A fire crab (Lair:5)
  3 salamander mystics (Snake:4)
  6 sea snakes
  3 skeletal warriors (D:13)
  2 unseen horrors (D:15)
  4 naga ritualists
  A deep elf mage (D:15)
  8 ugly things
  6 manticores
  9 mana vipers
  A faun (Shoals:1)
  A lindwurm (Snake:4)
  A wolf spider (D:15)
  5 cyclopes
  7 salamanders
  An ice statue (IceCv)
  21 black mambas
  A water nymph (Shoals:1)
  3 merfolk sirens (Shoals:4)
  16 naga magi
  20 cane toads
  2 guardian serpents (Snake:4)
  A rime drake (IceCv)
  6 centaur skeletons
  A kobold demonologist (D:15)
  4 komodo dragons
  An efreet (D:15)
  4 guardian mummies (D:14)
  2 trolls
  A harpy zombie (D:15)
  A queen bee (Lair:2)
  4 tyrant leeches (Lair:6)
  20 polar bears
  A merfolk (Shoals:4)
  A hornet (D:13)
  2 slime creatures (D:15)
  4 snapping turtles
  27 blink frogs
  8 dream sheep
  6 hippogriffs
  A shadow (D:12)
  3 wyverns
  7 wraiths
  77 yaks
  A vampire (D:14)
  4 fire bats (D:11)
  2 steam dragons
  9 vampire mosquitoes
  4 basilisks
  3 acid dragons
  33 nagas
  3 soldier ants
  A hell hound (D:11)
  2 wargs (D:12)
  13 water moccasins
  6 porcupines
  Duvessa (D:7)
  A black bear (D:3)
  A sky beast (D:8)
  2 orc warriors
  7 ice beasts
  A necrophage (D:13)
  9 ogres
  3 phantoms
  3 eyes of draining
  15 wolves (IceCv)
  5 crocodiles
  13 centaurs
  5 big kobolds
  24 bullfrogs
  A wyvern skeleton (D:6)
  A water moccasin skeleton (D:9)
  6 scorpions
  28 killer bees
  3 electric eels
  4 wights (D:11)
  2 howler monkeys
  9 lava snakes
  A centaur zombie (D:6)
  2 bullfrog zombies
  4 jellies
  7 orc wizards
  13 orc priests
  9 hounds
  5 bullfrog skeletons
  Jessica (D:3)
  Natasha (thrice) (D:3)
  7 iguanas
  3 worker ants
  2 killer bee zombies
  A hound skeleton (D:8)
  4 mummies (D:14)
  A howler monkey zombie (D:9)
  A worker ant zombie (D:6)
  13 adders
  8 gnolls
  12 white imps
  2 ufetubi
  4 oozes
  2 worms
  3 leopard geckos
  39 orcs
  8 ball pythons
  6 giant cockroaches
  13 goblins
  11 hobgoblins
  19 jackals
  6 quokkas
  6 bats
  10 frilled lizards
  A jackal zombie (D:5)
  11 kobolds
  A quokka skeleton (D:5)
  10 rats
  2 fire vortices (D:11)
  2 plants (Shoals:4)
845 creatures vanquished.

Vanquished Creatures (others)
  A kraken (Shoals:4)
  2 merfolk javelineers (Shoals:4)
  A merfolk impaler (Shoals:4)
  3 naga warriors
  3 hydras
  A naga ritualist (Snake:1)
  3 salamanders
  A manticore (Shoals:4)
  2 guardian serpents
  A merfolk siren (Shoals:4)
  3 naga magi
  2 black mambas (Snake:1)
  A water nymph (Shoals:4)
  2 merfolk (Shoals:4)
  A snapping turtle (Shoals:4)
  4 nagas
  Dowan (D:7)
  3 killer bees (Lair:2)
  An adder (Snake:3)
  A white imp (Lair:3)
  A fire vortex (D:11)
  4 fungi
  47 plants
  2 starspawn tentacles (Shoals:4)
91 creatures vanquished.

Grand Total: 936 creatures vanquished

Notes
Turn   | Place    | Note
-------+----------+-------------------------------------------
     0 | Abyss:1  | Apogee the Troll Abyssal Knight began the quest for the
                  | Orb.
     0 | Abyss:1  | Reached XP level 1. HP: 22/22 MP: 1/1
    32 | Abyss:1  | Noticed a freezing wraith
    35 | Abyss:1  | Noticed a flying skull
    36 | D:1      | Escaped the Abyss
    76 | D:1      | Reached * piety under Lugonu
   170 | D:1      | Reached XP level 2. HP: 29/29 MP: 2/2
   372 | D:1      | Reached XP level 3. HP: 37/37 MP: 3/3
   881 | D:2      | Reached ** piety under Lugonu
   881 | D:2      | Reached skill level 3 in Unarmed Combat
  1001 | D:2      | Reached XP level 4. HP: 41/45 MP: 4/4
  1307 | D:3      | Noticed an eye of draining
  1318 | D:3      | Noticed Jessica
  1338 | D:3      | Killed Jessica
  1343 | D:3      | Killed an eye of draining
  1343 | D:3      | Reached skill level 4 in Unarmed Combat
  1343 | D:3      | Reached XP level 5. HP: 38/53 MP: 1/5
  1347 | D:3      | Found a bloodstained altar of Trog.
  1451 | D:3      | Noticed Natasha
  1457 | D:3      | Killed Natasha
  1457 | D:3      | Reached skill level 5 in Unarmed Combat
  1470 | D:3      | Found a hazy altar of Hepliaklqana.
  1532 | D:3      | Noticed a black bear
  1537 | D:3      | Killed a black bear
  1537 | D:3      | Reached XP level 6. HP: 58/61 MP: 6/6
  1626 | D:3      | Found a runed translucent door.
  1627 | D:3      | Noticed Crazy Yiuf
  1668 | D:3      | Noticed Natasha
  1677 | D:3      | Killed Natasha
  1677 | D:3      | Reached skill level 6 in Unarmed Combat
  1830 | D:3      | Noticed Natasha
  1836 | D:3      | Killed Natasha
  1887 | D:3      | Gained mutation: You are robust. (+10% HP) [potion of
                  | mutation]
  1887 | D:3      | Gained mutation: You evolve. [potion of mutation]
  1887 | D:3      | Gained mutation: Your mind is acute. (Int +2) [potion of
                  | mutation]
  1887 | D:3      | Gained mutation: You have large cloven feet. [potion of
                  | mutation]
  2039 | D:4      | Reached skill level 7 in Unarmed Combat
  2039 | D:4      | Reached XP level 7. HP: 74/74 MP: 7/7
  2129 | D:4      | Found a staircase to the Ecumenical Temple.
  2228 | D:4      | Reached *** piety under Lugonu
  2505 | D:4      | Found a stormy altar of Qazlal.
  2699 | D:5      | Entered Level 5 of the Dungeon
  2819 | D:5      | Found a stormy altar of Qazlal.
  2863 | D:5      | Reached skill level 8 in Unarmed Combat
  2863 | D:5      | Reached XP level 8. HP: 86/86 MP: 9/9
  3033 | D:5      | Found a burning altar of Makhleb.
  3040 | D:5      | Found a shimmering blue altar of Sif Muna.
  3040 | D:5      | Found a glowing golden altar of the Shining One.
  3044 | D:5      | Found an ornate altar of the Wu Jian Council.
  3288 | D:6      | Reached skill level 5 in Fighting
  3430 | D:6      | Reached **** piety under Lugonu
  3739 | D:6      | Reached skill level 9 in Unarmed Combat
  3945 | D:7      | Noticed Dowan
  3945 | D:7      | Noticed Duvessa
  3949 | D:7      | Killed Dowan
  3949 | D:7      | Reached XP level 9. HP: 78/97 MP: 11/11
  4126 | D:7      | Killed Duvessa
  5118 | D:8      | Reached ***** piety under Lugonu
  5118 | D:8      | Reached skill level 10 in Unarmed Combat
  5843 | D:9      | Reached XP level 10. HP: 114/114 MP: 12/12
  6018 | D:9      | Found Jiesoezicudd's Armour Shoppe.
  6283 | D:9      | Reached skill level 11 in Unarmed Combat
  6874 | D:10     | Entered Level 10 of the Dungeon
  7012 | D:10     | Reached skill level 12 in Unarmed Combat
  7025 | D:10     | Found a staircase to the Lair.
  7197 | D:10     | Reached skill level 5 in Invocations
  7246 | D:10     | Noticed a three-headed hydra
  7248 | D:10     | Banished a three-headed hydra
  7370 | Lair:1   | Entered Level 1 of the Lair of Beasts
  7543 | Lair:1   | Noticed an oklob plant
  7568 | Lair:1   | Reached XP level 11. HP: 109/122 MP: 14/14
  7706 | Lair:1   | Reached skill level 5 in Dodging
  7929 | Lair:1   | Lost mutation: Your mind is acute. (Int +2) [evolution]
  9010 | Lair:2   | Found the ring of Robustness {AC+8}
 10207 | Lair:3   | Found a frozen archway.
 10290 | IceCv    | Entered an ice cave
 10380 | IceCv    | Reached skill level 13 in Unarmed Combat
 10587 | IceCv    | Reached XP level 12. HP: 85/136 MP: 15/15
 10806 | IceCv    | Reached skill level 10 in Fighting
 10816 | IceCv    | Reached ****** piety under Lugonu
 11094 | IceCv    | Reached skill level 14 in Unarmed Combat
 11136 | IceCv    | Noticed a frost giant
 11152 | IceCv    | Killed a frost giant
 11522 | Lair:3   | Found a staircase to the Shoals.
 11678 | Lair:3   | Noticed Snorg
 11681 | Lair:3   | Banished Snorg
 11857 | Lair:3   | Found a staircase to the Snake Pit.
 12278 | D:11     | Noticed a vault guard
 12284 | D:11     | Killed a vault guard
 12284 | D:11     | Reached XP level 13. HP: 146/150 MP: 16/16
 12293 | D:11     | Found a portal to a secret trove of treasure.
 12451 | D:11     | Reached skill level 15 in Unarmed Combat
 13458 | D:12     | Noticed Gastronok
 13540 | D:12     | Killed Gastronok
 13777 | D:12     | Found a staircase to the Orcish Mines.
 14201 | D:12     | Found a corrupted altar of Lugonu.
 14713 | D:13     | Noticed Sonja
 14726 | D:13     | Killed Sonja
 15099 | D:13     | Found a gate to the Vaults.
 15511 | D:13     | Reached skill level 1 in Armour
 16055 | D:13     | Reached XP level 14. HP: 163/163 MP: 19/19
 16478 | D:14     | Noticed Josephine
 16506 | D:14     | Killed Josephine
 16506 | D:14     | Reached skill level 1 in Shields
 16734 | D:14     | Noticed a reaper
 16734 | D:14     | Noticed a reaper
 16734 | D:14     | Noticed a reaper
 16734 | D:14     | Noticed a reaper
 16735 | D:14     | Noticed a reaper
 17219 | D:14     | Noticed Rupert
 17226 | D:14     | Killed Rupert
 17395 | D:15     | Entered Level 15 of the Dungeon
 17409 | D:15     | Found a blossoming altar of Fedhas.
 17705 | D:15     | Reached skill level 5 in Armour
 17796 | D:15     | Found a hide-covered altar of Uskayaw.
 18130 | D:15     | Reached skill level 5 in Shields
 18286 | D:15     | Found a staircase to the Depths.
 20384 | Lair:6   | Entered Level 6 of the Lair of Beasts
 20385 | Lair:6   | Found a runed translucent door.
 20445 | Lair:6   | Found a viscous altar of Jiyva.
 20447 | Lair:6   | Found a staircase to the Slime Pits.
 20550 | Lair:6   | Reached XP level 15. HP: 157/171 MP: 20/20
 21505 | Lair:6   | Identified a scroll of acquirement
 21505 | Lair:6   | Acquired a +2 tower shield of protection
 21716 | Shoals:1 | Entered Level 1 of the Shoals
 22273 | Shoals:4 | Entered Level 4 of the Shoals
 22381 | Shoals:4 | Identified the +5 trident of Red Subterfuge {speed, rF+}
 22703 | Shoals:4 | Reached skill level 10 in Shields
 22724 | Shoals:4 | Corrupted Shoals:4
 22724 | Shoals:4 | Noticed a kraken
 22724 | Shoals:4 | Noticed a lich
 22724 | Shoals:4 | Noticed a tentacled starspawn
 22729 | Shoals:4 | Killed a kraken
 22733 | Shoals:4 | Got a barnacled rune of Zot
 22738 | Shoals:4 | Noticed a bone dragon
 23009 | Snake:1  | Entered Level 1 of the Snake Pit
 23238 | Snake:1  | Corrupted Snake:1
 23767 | Snake:1  | Found a shimmering altar of Xom.
 23823 | Snake:1  | Reached XP level 16. HP: 170/181 MP: 21/21
 23862 | Snake:1  | You fall into a shaft and drop 1 floor!
 23863 | Snake:2  | Corrupted Snake:2
 24335 | Snake:2  | Acquired a +1 hat of magic resistance
 24671 | Snake:3  | Noticed Asterion
 24673 | Snake:3  | Corrupted Snake:3
 24673 | Snake:3  | Noticed Vashnia
 24673 | Snake:3  | Noticed a tentacled starspawn
 24673 | Snake:3  | Noticed an ancient lich
 24684 | Snake:2  | Killed Asterion
 25559 | Snake:4  | Entered Level 4 of the Snake Pit
 25629 | Snake:4  | Found a runed translucent gate.
 25629 | Snake:4  | Noticed Zubuinum's ghost (journeyman MiFi)
 25630 | Snake:4  | Found Neamoa's Gadget Emporium.
 25630 | Snake:4  | Found a runed translucent gate.
 25631 | Snake:4  | Found a runed translucent gate.
 25635 | Snake:4  | Found Eseapp Vuly's Jewellery Boutique.
 25636 | Snake:4  | Found Rufal's Gadget Emporium.
 26497 | Snake:3  | Noticed Aizul
 26537 | Snake:3  | Killed Aizul
 26872 | Snake:2  | Gained mutation: You are resistant to hostile enchantments.
                  | (MR+) [evolution]
 26966 | Snake:2  | Killed Vashnia
 27281 | Snake:3  | Reached skill level 10 in Dodging
 27728 | Snake:4  | Reached XP level 17. HP: 164/189 MP: 22/22
 28193 | Snake:4  | Noticed Nikola
 28329 | Snake:4  | Killed from afar by Nikola

Illustrated notes

Levels and vault maps discovered:
D:1:      sevenhm_arrival_forest_fort_small_4, layout_basic
D:2:      layout_rooms, first_ration
D:3:      layout_basic, lemuel_round_altar, trog_eyes_of_draining, uniq_jessica,
          uniq_crazy_yiuf_cottage, uniq_natasha
D:4:      layout_loops_ring, overflow_temple_1_default,
          minmay_temple_entry_ruins, hex_large
D:5:      layout_basic, minitemple, grunt_qazlal_sundering
D:6:      layout_cave_pools
D:7:      layout_basic, uniq_duvessa
D:8:      layout_loops_ring
D:9:      layout_layer_cave, serial_shops, shop_fountains
D:10:     layout_cave_pools, lair_entry_dummy, hangedman_ranch
          [blue_anna_fruit_fields]
D:11:     layout_loops_ring, enter_trove_5, hangedman_incinerator
D:12:     layout_roguey, erik_orc_4, solitary_fountain, tgw_lugonu_bribe,
          uniq_gastronok
D:13:     layout_layer_cave, lightli_vaults_fourway_checkpoint, uniq_sonja
D:14:     layout_roguey, small_statue_intersection,
          minmay_guarded_unrand_curses, uniq_rupert, uniq_josephine
D:15:     hangedman_depths_entry_try_elsewhere_first, layout_rooms,
          fedhas_altar_3, lemuel_statue_altar
Lair:1:   layout_hall_layers, grunt_megastairs_2, infiniplex_staircase_pool_2,
          minmay_lair_oklob_chamber, lemuel_fruit_fields
Lair:2:   layout_layer_cave, special_room [special_room_bee]
Lair:3:   layout_chaotic_city, minmay_shoals_entry_hut,
          minmay_snake_entry_guardpost_small, portal_ice_cave_entry_imps,
          serial_bayou_shore_b, lemuel_fruit_tree, uniq_snorg
Lair:4:   layout_regular_city, serial_bayou_pond_a
Lair:5:   layout_cave_pods
Lair:6:   minmay_lair_end_frog_pond, layout_big_grid, slime_altar_2
Shoals:1: nicolae_shoals_island_circles, layout_shoals
Shoals:2: layout_shoals, uniq_polyphemus
Shoals:3: layout_shoals, uniq_roxanne
Shoals:4: shoals_end_hangedman, layout_shoals
Snake:1:  skrybe_snakes_to_sticks, layout_misc_corridors, drop_trap,
          chequers_hall_statues_wall_a
Snake:2:  layout_grid_maze
Snake:3:  layout_cave_town, nicolae_snake_lava_pool, uniq_aizul, uniq_asterion,
          uniq_vashnia
Snake:4:  snake_pit_salamanders_mu, layout_cave_town, gammafunk_ghost_split,
          nrook_guardian_serpent_ordinary, serial_bayou_shore_b,
          minmay_shop_grove, uniq_nikola

Skill      XL: |  1  2  3  4  5  6  7  8  9 10 11 12 13 14 15 16 |
---------------+-------------------------------------------------+-----
Fighting       | 3 4 5 7 8 9 11 12 | 12.1
Unarmed Combat | 3 4 5 7 8 9 10 12 13 14 15 | 15.2
Invocations    | 3 4 6 8 |  8.0
Dodging        | 4 6 8 10 | 10.3
Armour         | 2 6 8 |  8.0
Shields        | 6 11 13 | 13.5

Action                   |  1- 3 |  4- 6 |  7- 9 | 10-12 | 13-15 | 16-18 || total
-------------------------+-------+-------+-------+-------+-------+-------++-------
Melee: Unarmed           |   146 |   120 |   307 |   633 |  1209 |   533 ||  2948
       Punch             |     2 |     2 |     9 |    46 |    44 |       ||   103
       Kick              |       |       |    97 |   205 |   370 |   171 ||   843
Invok: Depart the Abyss  |     1 |       |       |       |       |       ||     1
       Banish            |       |       |       |     7 |    17 |     5 ||    29
       Bend Space        |       |       |       |     1 |     5 |     1 ||     7
       Corrupt           |       |       |       |       |     2 |     2 ||     4
Evoke: Wand              |       |       |       |       |     3 |     3 ||     6
  Use: Scroll            |     5 |     2 |     5 |     5 |     5 |     2 ||    24
       Potion            |     3 |     5 |       |     6 |     6 |     2 ||    22
 Stab: Sleeping          |       |       |     2 |       |       |       ||     2
       Invisible         |       |       |       |       |     1 |       ||     1
       Distracted        |       |       |       |       |       |     1 ||     1
  Eat: Ration            |     1 |     1 |     4 |     8 |    13 |     5 ||    32
Armor: Robe              |    75 |    32 |    82 |   178 |       |       ||   367
       Animal skin       |       |       |       |    28 |   372 |    97 ||   497
Dodge: Dodged            |    97 |    62 |   173 |   518 |   549 |   136 ||  1535
Block: Kite shield       |       |       |       |       |   133 |       ||   133
       Tower shield      |       |       |       |       |   261 |   508 ||   769

Table legend:
 A = Non-vault XP
 B = Vault XP
 C = Vault XP percentage of total XP
 D = Non-vault monster count
 E = Vault monster count
 F = Vault count percentage of total count
                 A         B        C        D         E       F
            +---------+---------+-------+---------+---------+-------
      Total |  136330 |   83465 |  38.0 |     598 |     262 |  30.5
            +---------+---------+-------+---------+---------+-------
        D:1 |      48 |       0 |   0.0 |      30 |       0 |   0.0
        D:2 |      63 |       0 |   0.0 |      23 |       0 |   0.0
        D:3 |     292 |     209 |  41.7 |      23 |       5 |  17.9
        D:4 |     522 |       0 |   0.0 |      21 |       0 |   0.0
        D:5 |     659 |       0 |   0.0 |      17 |       0 |   0.0
        D:6 |     968 |       0 |   0.0 |      26 |       0 |   0.0
        D:7 |     494 |     207 |  29.5 |      18 |       2 |  10.0
        D:8 |    1159 |       0 |   0.0 |      24 |       0 |   0.0
        D:9 |    2138 |       0 |   0.0 |      32 |       0 |   0.0
       D:10 |    1703 |    2236 |  56.8 |      10 |       8 |  44.4
       D:11 |    5371 |    2038 |  27.5 |      27 |       8 |  22.9
       D:12 |    3168 |    2676 |  45.8 |      24 |      16 |  40.0
       D:13 |    7859 |    7182 |  47.7 |      31 |      13 |  29.5
       D:14 |    4898 |    6485 |  57.0 |      16 |      15 |  48.4
       D:15 |    8950 |    2248 |  20.1 |      25 |       3 |  10.7
     Lair:1 |    1866 |     153 |   7.6 |       9 |       1 |  10.0
     Lair:2 |    2475 |    1741 |  41.3 |      11 |      24 |  68.6
     Lair:3 |    4643 |    1950 |  29.6 |      27 |      17 |  38.6
     Lair:4 |    4347 |       0 |   0.0 |      13 |       0 |   0.0
     Lair:5 |    7610 |     673 |   8.1 |      29 |       2 |   6.5
     Lair:6 |    5916 |   12172 |  67.3 |      25 |      50 |  66.7
   Shoals:1 |    4472 |       0 |   0.0 |       8 |       0 |   0.0
   Shoals:2 |     947 |       0 |   0.0 |       1 |       0 |   0.0
   Shoals:3 |    2445 |       0 |   0.0 |       5 |       0 |   0.0
   Shoals:4 |    5074 |    8851 |  63.6 |      10 |      12 |  54.5
    Snake:1 |   13483 |       0 |   0.0 |      30 |       0 |   0.0
    Snake:2 |    8273 |    8181 |  49.7 |      19 |       9 |  32.1
    Snake:3 |   12718 |    6220 |  32.8 |      22 |      13 |  37.1
    Snake:4 |   23769 |    6760 |  22.1 |      42 |       9 |  17.6
      IceCv |       0 |   13483 | 100.0 |       0 |      55 | 100.0
            +---------+---------+-------+---------+---------+-------
